 Dungeon Crawl Stone Soup version 0.27-a0-909-g0721f309d1 (webtiles) character file.

Game seed: 6007596199439425156

34 dmks the Sneak (level 3, 0/25 HPs)
             Began as a Gnoll Wanderer on Apr 8, 2021.
             Slain by a goblin
             ... wielding a +0 club
              (3 damage)
             ... on level 1 of the Dungeon.
             The game lasted 00:04:58 (2037 turns).

dmks the Sneak (Gnoll Wanderer)                     Turns: 2037, Time: 00:04:59

Health: 0/25       AC:  2    Str: 13    XL:     3   Next: 31%
Magic:  7/7        EV: 12    Int:  9    God:
Gold:   47         SH:  0    Dex: 12    Spells: 6/7 levels left

rFire    . . .     SeeInvis .   j - +0 dagger (venom)
rCold    . . .     Faith    .   (no shield)
rNeg     . . .     Spirit   .   d - +0 robe
rPois    .         Reflect  .   (no helmet)
rElec    .         Harm     .   (no cloak)
rCorr    .         Rampage  .   (no gloves)
Will     .....                  (no boots)
Stlth    ++........             (no amulet)
HPRegen  0.08/turn              (no ring)
MPRegen  0.10/turn              (no ring)

@: attractive
A: fangs 1, strong nose, distributed training
a: no special abilities


You were on level 1 of the Dungeon.
You visited 1 branch of the dungeon, and saw 3 of its levels.

You collected 47 gold pieces.

Inventory:

Hand Weapons
 a - a +0 short sword
 e - a +0 dagger
 j - a +0 dagger of venom (weapon)
   (You took it off a goblin on level 1 of the Dungeon)
Armour
 d - a +0 robe (worn)
Scrolls
 b - a scroll of teleportation {unknown}
 h - a scroll of silence {unknown}
 i - a scroll of vulnerability {unknown}
Potions
 f - a potion of attraction {!q}


   Skills:
 + Level 0.7 Fighting
 + Level 2.6 Short Blades
 + Level 0.7 Long Blades
 + Level 0.7 Axes
 + Level 0.7 Maces & Flails
 + Level 0.7 Polearms
 + Level 0.7 Staves
 + Level 0.7 Slings
 + Level 0.7 Bows
 + Level 0.7 Crossbows
 + Level 0.7 Throwing
 + Level 0.7 Armour
 + Level 2.6 Dodging
 + Level 4.1 Stealth
 + Level 2.6 Shields
 + Level 0.7 Unarmed Combat
 + Level 2.8 Spellcasting
 + Level 0.5 Conjurations
 + Level 0.5 Hexes
 + Level 0.5 Summonings
 + Level 0.5 Necromancy
 + Level 0.5 Translocations
 + Level 0.5 Transmutations
 + Level 0.5 Fire Magic
 + Level 3.7 Ice Magic
 + Level 0.5 Air Magic
 + Level 0.5 Earth Magic
 + Level 3.7 Poison Magic
 + Level 0.9 Invocations
 + Level 0.7 Evocations


You had 6 spell levels left.
You knew the following spells:

 Your Spells              Type           Power      Damage    Failure   Level
a - Freeze                Ice            32%        1d5       7%          1

Your spell library contained the following spells:

 Spells                   Type           Power      Damage    Failure   Level
 Frozen Ramparts          Ice            16%        1d3       21%         3
 Ozocubu's Armour         Ice            8%         N/A       21%         3
 Hailstorm                Conj/Ice       5%         3d4       77%         4
 Summon Ice Beast         Ice/Summ       5%         N/A       77%         4


Dungeon Overview and Level Annotations

Branches:
Dungeon (3/15)

Altars:

Annotations:
D:2 Jessica


Innate Abilities, Weirdness & Mutations

You have very sharp teeth.
Your uncanny sense of smell can sniff out nearby items.
Your experience applies equally to all skills.


Message History

The endoplasm quivers.
Found a stone staircase leading up.
Found 10 gold pieces.
A quokka and Jessica come into view.
Jessica is wielding a +3 dagger of speed and wearing a +2 robe of cold resistance.
The endoplasm hits you. The endoplasm closely misses you.
The goblin misses you. The goblin closely misses you.
A worm comes into view.
The endoplasm freezes you.
You are frozen.
You closely miss the quokka. You bite the quokka. The goblin barely misses you.
The quokka bites you. The quokka bites you. The quokka completely misses you.
The goblin barely misses you.
There is a stone staircase leading up here.
The endoplasm freezes you.
You are frozen.
* * * LOW HITPOINT WARNING * * *
The quokka bites you.
* * * LOW HITPOINT WARNING * * *
The goblin closely misses you.
You climb upwards.
There is a stone staircase leading down here.
You barely miss the quokka. The quokka bites you.
* * * LOW HITPOINT WARNING * * *
You feel better.
The quokka bites you but does no damage.
The quokka bites you.
* * * LOW HITPOINT WARNING * * *
You closely miss the quokka. The quokka bites you.
* * * LOW HITPOINT WARNING * * *
You hit the quokka but do no damage. The quokka bites you.
* * * LOW HITPOINT WARNING * * *
You hit the quokka but do no damage.
The quokka is poisoned.
The quokka barely misses you.
You hit the quokka but do no damage.
The quokka looks as sick as possible!
You bite the quokka, but do no damage. The quokka misses you.
You hit the quokka.
You kill the quokka!
You miss the goblin. The goblin hits you with a +0 club.
* * * LOW HITPOINT WARNING * * *
It was a potion of cancellation.
You feel magically purged. The goblin hits you with a +0 club.
* * * LOW HITPOINT WARNING * * *
It was a potion of attraction.
You feel attractive to monsters. The goblin completely misses you.
You barely miss the goblin. The goblin hits you with a +0 club.
You die...

.......##......#
....##.##......#
.....#.........#
...............#
..............##
.............##
.............#
..#..........#####
..............Jg@#
.......##...######
#......####....#
#......# #....#
#......####....#
...............#
...............#
..........†..###
####.#.......##


You could see an endoplasm and a goblin.

Vanquished Creatures
  A worm (D:2)
  2 dart slugs (D:1)
  A ball python (D:1)
  4 endoplasms
  3 goblins
  3 hobgoblins (D:1)
  A jackal (D:1)
  A quokka (D:1)
  3 bats
  A frilled lizard (D:1)
  3 kobolds
  3 rats (D:1)
26 creatures vanquished.

Notes
Turn   | Place    | Note
-------+----------+-------------------------------------------
     0 | D:1      | dmks the Gnoll Wanderer began the quest for the Orb.
     0 | D:1      | dmks set off with the following items: a +0 short sword, a
                  | potion of curing {@q1}, a +0 robe, a +0 dagger; and the
                  | following spell memorised: Freeze; and the following spells
                  | available to memorise: Frozen Ramparts, Ozocubu's Armour,
                  | Hailstorm, Summon Ice Beast
     0 | D:1      | Reached XP level 1. HP: 13/13 MP: 4/4
   472 | D:1      | Found a faded altar of an unknown god.
   498 | D:1      | Reached XP level 2. HP: 7/20 MP: 5/5
  1367 | D:1      | Reached XP level 3. HP: 25/25 MP: 7/7
  2014 | D:2      | Noticed Jessica
  2037 | D:1      | Slain by a goblin

Illustrated notes

Levels and vault maps discovered:
D:1:      dpeg_cavernosity, layout_basic, ebering_ecumenical_altar_mist
D:2:      cheibrodos_greedy_goblins, layout_basic, uniq_jessica
D:3:      layout_loops_ring, old_standard_altar, ebering_ghost_sewer_d,
          uniq_ijyb

Action                   || total
-------------------------++-------
Melee: Short sword       ||    46
       Bite              ||     9
       Dagger            ||    26
       Punch             ||     1
  Use: Potion            ||     4
 Stab: Sleeping          ||     7
Armor: Robe              ||    13
Dodge: Dodged            ||    39

Table legend: (Time is in decaauts)
 A = Elapsed time spent in this place.
 B = Non-inter-level travel time spent in this place.
 C = Inter-level travel time spent in this place.
 D = Time resting spent in this place.
 E = Time spent auto-exploring this place.
 F = Levels seen in this place.
 G = Mean time per level.
                   A        B        C        D        E       F      G
               +--------+--------+--------+--------+--------+-----+--------+
         Total |   2034 |   1929 |    105 |    788 |    853 |   3 |  678.0 |
       Dungeon |   2034 |   1929 |    105 |    788 |    853 |   3 |  678.0 |
               +--------+--------+--------+--------+--------+-----+--------+

Top non-repeatable levels by time:
     D:1: 1523 daAuts
     D:2: 501 daAuts
     D:3: 9 daAuts
